 Dungeon Crawl Stone Soup version 0.32-a0-981-g384da2ce10 (webtiles) character file.

Game seed: 8534588318790361228

128590 shadizar the Gelid (level 17, -12/125 HPs)
             Began as a Djinni Conjurer on Apr 20, 2024.
             Was the Champion of Makhleb.
             Killed by a resonance strike
             ... invoked by Zenata
              (30 damage)
             ... on level 2 of the Elven Halls.
             The game lasted 00:46:30 (22562 turns).

shadizar the Gelid (Djinni Conjurer)               Turns: 22562, Time: 00:46:30

Health: -12/125    AC: 14    Str:  6    XL:     17   Next: 59%
Gold:   1369       EV: 15    Int: 27    God:    Makhleb [******] SH: 14 Dex: 13

rFire   + + +        r - staff of cold
rCold   + + .        c - +0 kite shield
rNeg    + . .        P - +4 troll leather armour of the Crypt {rPois Will+ Regen+ SInv}
rPois   ∞            x - +2 hat
rElec   .            B - scarf {rC+ rF+}
rCorr   .            F - +1 pair of gloves {hurl}
SInv    +            (boots unavailable)
Will    ++...        y - amulet of regeneration
Stlth   +++          s - ring of protection from cold
HPRegen 2.00/turn    q - ring of the Octopus King {rN+ HP+2 AC+2 EV+2 SH+2}

%: infuse magic (-13 HP)
@: flying, studying Ice Magic
A: sickness immunity, fire resistance 2, cold vulnerability 1, float, innate
caster, HP casting, extra vitality 1
a: Renounce Religion, Minor Destruction, Lesser Servant of Makhleb, Major
Destruction, Greater Servant of Makhleb


You were on level 2 of the Elven Halls.
You worshipped Makhleb.
Makhleb was exalted by your worship.
You visited 5 branches of the dungeon, and saw 24 of its levels.
You also visited: Gauntlet and Ice Cave.

You collected 2481 gold pieces.
You spent 1112 gold pieces at shops.

Inventory:

Armour
 c - a +0 kite shield (worn)
 j - the +0 robe of Winter {MP+9 Int+4 Dex+4}
   (You found it on level 1 of the Lair of Beasts)

   Int+4:     It affects your intelligence (+4).
   Dex+4:     It affects your dexterity (+4).
   MP+9:      It affects your magic capacity (+9).
 x - a +2 hat (worn)
 B - a scarf of resistance (worn)
 F - a +1 pair of gloves of hurling (worn)
 J - a +2 cloak
 K - the +3 ring mail of Puobloun {Dex+7}
   (You found it on level 7 of the Dungeon)

   Dex+7:     It affects your dexterity (+7).
 L - +0 acid dragon scales
 P - the +4 troll leather armour of the Crypt (worn) {rPois Will+ Regen+ SInv}
   (You bought it in a shop on level 2 of the Orcish Mines)

   rPois:     It protects you from poison.
   Will+:     It increases your willpower.
   SInv:      It lets you see invisible.
   Regen+:    It increases your rate of health regeneration.
Magical Staves
 r - a staff of cold (weapon)
Jewellery
 k - the amulet of Piulieg {Spirit Rampage Int+4}
   (You bought it in a shop on level 8 of the Dungeon)

   [amulet of guardian spirit]

   Spirit:    It causes incoming damage to be divided between your reserves of
   health and magic.
   Int+4:     It affects your intelligence (+4).
   Rampage:   It bestows one free step when moving towards enemies.
 n - a ring of positive energy
 p - a ring of fire
 q - a ring of the Octopus King (right hand) {rN+ HP+2 AC+2 EV+2 SH+2}
   (You found it on level 2 of the Lair of Beasts)

   [ring of positive energy]

   AC+2:      It affects your AC (+2).
   EV+2:      It affects your evasion (+2).
   rN+:       It protects you from negative energy.
   HP+2:      It affects your health (+2).
   SH+2:      It affects your SH (+2).
 s - a ring of protection from cold (left hand)
 y - an amulet of regeneration (around neck)
 N - a ring of ice
 O - the amulet of Wonder {Spirit rElec rF+ Dex-2}
   (You found it on level 5 of the Lair of Beasts)

   [amulet of guardian spirit]

   Spirit:    It causes incoming damage to be divided between your reserves of
   health and magic.
   Dex-2:     It affects your dexterity (-2).
   rF+:       It protects you from fire.
   rElec:     It insulates you from electricity.
 U - a +6 ring of dexterity
Wands
 a - a wand of flame (63)
 l - a wand of charming (28)
 o - a wand of digging (9)
 w - a wand of polymorph (13)
 G - a wand of roots (14)
Scrolls
 e - a scroll of immolation
 g - 4 scrolls of poison
 i - 2 scrolls of fear
 m - 3 scrolls of enchant armour
 v - 3 scrolls of silence
 z - 7 scrolls of teleportation
 C - a scroll of brand weapon
 I - a scroll of fog
 M - 4 scrolls of enchant weapon
 W - a scroll of revelation
Potions
 b - 4 potions of berserk rage
 d - a potion of attraction {unknown}
 f - 13 potions of curing
 h - 2 potions of cancellation
 t - a potion of might
 u - a potion of haste
 A - 7 potions of heal wounds
 D - 3 potions of ambrosia
 E - 3 potions of brilliance
 H - 4 potions of enlightenment
Miscellaneous
 T - a phial of floods
 X - a sack of spiders


   Skills:
 + Level 12.0 Fighting
 - Level 10.6 Armour
 - Level 12.3 Dodging
 + Level 6.4 Stealth
 - Level 12.4 Shields
 * Level 15.5 Spellcasting
 * Level 15.5 Conjurations
 * Level 15.5 Hexes
   Level 0.0 Charms
 * Level 15.5 Summonings
 * Level 15.5 Necromancy
 * Level 15.5 Translocations
   Level 0.0 Transmutations
 * Level 15.5 Fire Magic
 * Level 18.4 Ice Magic
 * Level 15.5 Air Magic
 * Level 15.5 Earth Magic
 * Level 15.5 Alchemy


You knew the following spells:

 Your Spells              Type           Power      Damage    Failure   Level
a - Magic Dart            Conj           100%       1d8       1%          1
b - Searing Ray           Conj           100%       2d8       1%          2
c - Fulminant Prism       Conj/Alch      40%        3d19      1%          4
d - Iskenderun's Mystic   Conj/Tloc      81%        2d16      (+2d91%     4
e - Slow                  Hex            100%       N/A       1%          1
f - Blink                 Tloc           100%       N/A       1%          2
g - Fugue of the Fallen   Necr           81%        N/A       1%          3
h - Passage of Golubria   Tloc           81%        N/A       1%          4
i - Silence               Hex/Air        40%        N/A       1%          5
j - Iskenderun's Battles  Conj           81%        2d13      1%          5
k - Permafrost Eruption   Ice/Erth       53%        2x4d12    1%          6
l - Dispersal             Tloc           40%        N/A       3%          6
Your spell library was empty.

Dungeon Overview and Level Annotations

Branches:
Dungeon (14/15)            Temple (1/1) D:4            Lair (5/5) D:10
 Shoals (0/4) Lair:2       Spider (0/4) Lair:3        Slime (0/5) Lair:5
    Orc (2/2) D:10            Elf (2/3) Orc:2        Vaults (0/5) D:14
  IceCv (visited)         Gauntlet (visited)

Altars:
Ashenzari
Cheibriados
Dithmenos
Elyvilon
Fedhas
Gozag
Hepliaklqana
Makhleb
Nemelex Xobeh
Okawaru
Qazlal
Ru
Trog
Uskayaw
Wu Jian
Xom
Yredelemnul
Zin
The Shining One
Beogh
Jiyva

Shops:
D:6 *   D:8 :*   Orc:2 *:[(   Elf:2 [*(

Annotations:
D:3 3 runed translucent doors, Snaaty's ghost, amateur DsCK
D:7 2 runed translucent doors, Crazy Yiuf; Karim's ghost, novice GnEn
Lair:5 exclusion: 2 oklob plants
Elf:2 Zenata


Innate Abilities, Weirdness & Mutations

You are immune to sickness and miasma.
You are immune to poison.
Your flesh is very heat resistant. (rF++)
You are vulnerable to cold. (rC-)
You float through the air rather than walking.
You learn spells naturally, not from books.
Your magical power is your life essence.
You have superior vitality. (+4 MHP)


Message History

Unknown command.
Unknown command.
Unknown command.
Unknown command.
Unknown command.
Unknown command.
Unknown command.
Unknown command.
Unknown command.
Unknown command.
Unknown command.
Unknown command.
Unknown command.
Unknown command.
Unknown command.
Unknown command.
Casting: Iskenderun's Mystic Blast (safe; 1% risk of failure)
Confirm with . or Enter, or press ? or * to list all spells.
You erupt in a blast of force!
The mystic blast hits the +3 heavy trident!!
The +3 heavy trident falls from the air.
Makhleb accepts your kill.
The mystic blast hits the +0 glaive of venom!
The +0 glaive of venom is heavily damaged.
The +0 glaive of venom is knocked back by the mystic blast.
The mystic blast hits the fire elemental!!
You destroy the fire elemental!
The fire elemental disappears in a puff of smoke!
The mystic blast hits the +6 lajatang of holy wrath.
The +6 lajatang of holy wrath is severely damaged.
The +6 lajatang of holy wrath is knocked back by the mystic blast.
The +6 lajatang of holy wrath slams into the metal wall.
* * * LOW HITPOINT WARNING * * *
You block the +6 lajatang of holy wrath's attack.
The deep elf knight gestures wildly while chanting.
The deep elf knight seems to speed up.
Zenata is engulfed in blazing flames.
Zenata gestures at you while chanting.
A blast of power from the earth and the +6 lajatang of holy wrath strikes you!
You die...
Zenata says, "Let's see what's inside you."

### #.##)..#########...........(.
..###.##..##...#...##.##..######.
))..)....)..)..#......###.## ##.#
..###.##....#..#..#)..# #..###.##
### #.#.##.#..###..#.## #.#.#.##
#..##.#...#.#...#.###.##.####
#....#.#.......#.#...........
##########'''################
#####..@##### ##...''#(§(..## ##
##.....###E)...##...##
..........°(.e......)).
.........E☼a.......#.).
#........○.°.(.e..##
##....^.e°○○e....##
#........°○.......#
.........°.........#


You could see Zenata, 2 deep elf knights, a deep elf zephyrmancer, a fire
elemental (summoned) and 4 dancing weapons.

Vanquished Creatures
  Jorgrun (D:14)
  An orc warlord (Orc:2)
  2 deep elf demonologists (Elf:1)
  A deep elf annihilator (Elf:1)
  A deep elf death mage (Elf:1)
  A minotaur (Gauntlet)
  Erolcha (D:10)
  2 hydras
  A boulder beetle (D:12)
  5 centaur warriors
  13 dancing weapons
  13 death yaks
  2 hell hogs (Lair:5)
  A tengu warrior (D:14)
  Urug (Orc:1)
  An orc high priest (Orc:2)
  13 deep elf knights
  Sonja (Lair:4)
  2 skysharks
  11 deep elf archers
  A fire crab (shapeshifter) (D:14)
  An orb spider (Lair:3)
  A lindwurm (Lair:5)
  Pikel (D:5)
  An obsidian bat (Orc:1)
  An orange crystal statue (Gauntlet)
  2 thermic dynamos (Elf:2)
  4 orc knights (Orc:2)
  3 orc sorcerers
  18 deep elf zephyrmancers
  3 oklob plants
  A manticore (D:8)
  27 deep elf pyromancers
  Maurice (D:7)
  6 ugly things
  2 cyclopes
  17 elephants
  5 black mambas
  7 kobold blastminers
  2 ice statues (IceCv)
  2 molten gargoyles (Lair:5)
  An eye of devastation (Gauntlet)
  A large abomination (D:11)
  An unseen horror (D:12)
  2 gargoyles (D:12)
  12 cane toads
  A freezing wraith (IceCv)
  Jeremiah (D:9)
  Psyche (D:8)
  4 tengu conjurers
  A hydra zombie (D:11)
  13 komodo dragons
  A harpy zombie (D:11)
  11 trolls
  A polar bear (Lair:2)
  A glass eye (Gauntlet)
  A meliai zombie (D:11)
  5 dream sheep (Lair:4)
  2 hornets
  18 blink frogs
  Sigmund (D:5)
  9 slime creatures (D:12)
  3 wraiths
  An air elemental (Elf:2)
  A water elemental (Elf:1)
  7 basilisks
  3 vampires
  A fire elemental (Elf:2)
  54 yaks
  A golden eye (Gauntlet)
  9 wyverns
  12 wargs
  4 vampire mosquitoes (D:11)
  2 steam dragons
  A two-headed ogre zombie (D:11)
  4 acid dragons
  11 water moccasins
  Duvessa (D:7)
  4 hell hounds (Lair:5)
  3 sky beasts
  An ice beast (D:8)
  17 orc warriors
  A black bear (D:5)
  An elephant zombie (D:11)
  5 ogres
  12 wolves
  16 centaurs
  3 lemures (D:5)
  A phantom (D:4)
  A kobold brigand (D:9)
  5 gnoll sergeants
  12 bullfrogs
  2 cane toad simulacra (IceCv)
  8 wights (D:6)
  Dowan (D:7)
  4 killer bees (D:8)
  A spriggan zombie (D:11)
  6 electric eels
  A howler monkey (D:14)
  A howler monkey (shapeshifter) (D:13)
  3 wolf zombies (D:11)
  4 centaur zombies (D:11)
  A jelly (D:6)
  5 lava snakes (Lair:5)
  9 orc priests
  2 bombardier beetles
  7 hounds
  4 gnoll boudas (D:8)
  3 sleepcaps
  3 iguanas
  11 orc wizards
  A polar bear simulacrum (IceCv)
  A killer bee zombie (D:11)
  A wolf simulacrum (IceCv)
  48 gnolls
  3 adders (D:5)
  A shadow imp (D:5)
  2 ufetubi (D:7)
  2 ribbon worms
  2 dart slugs
  53 orcs
  4 ball pythons
  3 endoplasms
  A giant cockroach (D:4)
  15 goblins
  6 hobgoblins
  17 jackals
  9 kobolds
  A quokka (D:4)
  5 bats
  A frilled lizard (D:2)
  4 rats
  A fulminant prism (Lair:5)
722 creatures vanquished.

Vanquished Creatures (others)
  73 fulminant prisms
73 creatures vanquished.

Grand Total: 795 creatures vanquished

Notes
Turn   | Place    | Note
-------+----------+-------------------------------------------
     0 | D:1      | shadizar the Djinni Conjurer began the quest for the Orb.
     0 | D:1      | shadizar set off with the following spells memorised: Magic
                  | Dart, Searing Ray, Fulminant Prism, Iskenderun's Mystic
                  | Blast.
     0 | D:1      | Reached XP level 1. HP: 15/15 MP: 0/0
   117 | D:1      | Reached XP level 2. HP: 20/21 MP: 0/0
   441 | D:1      | Reached skill level 4 in Ice Magic
   583 | D:2      | Reached XP level 3. HP: 19/25 MP: 0/0
   583 | D:2      | Learned a level 1 spell: Slow
   660 | D:2      | Reached XP level 4. HP: 24/31 MP: 0/0
  1995 | D:3      | Found a runed translucent gate.
  1996 | D:3      | Found a runed translucent gate.
  1996 | D:3      | Found a runed translucent gate.
  2005 | D:3      | Noticed Snaaty's ghost (amateur DsCK)
  2009 | D:3      | Found a roughly hewn altar of Beogh.
  2033 | D:3      | Found a faded altar of an unknown god.
  2080 | D:3      | Reached XP level 5. HP: 31/35 MP: 0/0
  2080 | D:3      | Learned a level 2 spell: Blink
  2081 | D:3      | Reached skill level 5 in Spellcasting
  2081 | D:3      | Reached skill level 5 in Conjurations
  2081 | D:3      | Reached skill level 5 in Hexes
  2081 | D:3      | Reached skill level 5 in Summonings
  2081 | D:3      | Reached skill level 5 in Necromancy
  2081 | D:3      | Reached skill level 5 in Translocations
  2081 | D:3      | Reached skill level 5 in Fire Magic
  2081 | D:3      | Reached skill level 5 in Ice Magic
  2081 | D:3      | Reached skill level 5 in Air Magic
  2081 | D:3      | Reached skill level 5 in Earth Magic
  2081 | D:3      | Reached skill level 5 in Alchemy
  2313 | D:4      | Noticed a phantom
  2321 | D:4      | Killed a phantom
  2442 | D:4      | Reached XP level 6. HP: 22/40 MP: 0/0
  2664 | D:4      | Found a staircase to the Ecumenical Temple.
  2907 | D:4      | Reached skill level 6 in Ice Magic
  3090 | Temple   | Entered the Ecumenical Temple
  3422 | D:5      | Entered Level 5 of the Dungeon
  3538 | D:5      | Reached XP level 7. HP: 34/45 MP: 0/0
  3538 | D:5      | Learned a level 3 spell: Fugue of the Fallen
  3821 | D:5      | Reached skill level 7 in Ice Magic
  3905 | D:5      | Noticed Sigmund
  3911 | D:5      | Killed Sigmund
  3912 | D:5      | Reached skill level 1 in Fighting
  3912 | D:5      | Reached skill level 1 in Armour
  3912 | D:5      | Reached XP level 8. HP: 45/52 MP: 0/0
  4103 | D:5      | Noticed Pikel
  4113 | D:5      | Killed Pikel
  4441 | D:5      | Identified the +7 falchion of the Globe {antimagic, rPois
                  | rN+ Int+3}
  4776 | D:6      | Found Fannuhu's Assorted Antiques.
  4851 | D:6      | Reached XP level 9. HP: 40/61 MP: 0/0
  4851 | D:6      | Learned a level 4 spell: Passage of Golubria
  5501 | D:6      | Reached skill level 5 in Dodging
  5882 | D:6      | Found a hide-covered altar of Uskayaw.
  6053 | D:6      | Found a hazy altar of Hepliaklqana.
  6054 | D:6      | Found a shadowy altar of Dithmenos.
  6058 | D:6      | Found a glowing silver altar of Zin.
  6340 | D:7      | Identified the +3 ring mail of Puobloun {Dex+7}
  6577 | D:7      | Noticed Maurice
  6588 | D:7      | Killed Maurice
  6589 | D:7      | Reached skill level 5 in Fighting
  6589 | D:7      | Reached skill level 5 in Armour
  6589 | D:7      | Reached skill level 8 in Ice Magic
  6589 | D:7      | Reached XP level 10. HP: 52/70 MP: 0/0
  7146 | D:7      | Found a runed translucent door.
  7147 | D:7      | Noticed a red ugly thing
  7147 | D:7      | Noticed Karim's ghost (novice GnEn)
  7670 | D:7      | Noticed Duvessa
  7670 | D:7      | Noticed Dowan
  7676 | D:7      | Killed Dowan
  7677 | D:7      | Killed Duvessa
  7709 | D:7      | Found a runed translucent door.
  7710 | D:7      | Noticed Crazy Yiuf
  7796 | D:7      | Identified a scroll of acquirement
  7796 | D:7      | Acquired a staff of conjuration
  7954 | D:8      | Noticed a manticore
  8183 | D:8      | Found Xaeruax's Book Shoppe.
  8231 | D:8      | Found Dysail's Assorted Antiques.
  8264 | D:8      | Bought a translucent sapphire amulet for 150 gold pieces
  8264 | D:8      | Identified the amulet of Piulieg {Spirit Rampage Int+4}
                  | (You bought it in a shop on level 8 of the Dungeon)
  8411 | D:8      | Killed a manticore
  8485 | D:8      | Noticed Psyche
  8645 | D:8      | Killed Psyche
  9021 | D:9      | Noticed Jeremiah
  9025 | D:9      | Killed Jeremiah
  9026 | D:9      | Reached XP level 11. HP: 66/78 MP: 0/0
  9026 | D:9      | Learned a level 5 spell: Silence
  9085 | D:9      | Found a bloodstained altar of Trog.
  9110 | D:9      | Found a blossoming altar of Fedhas.
  9242 | D:9      | Noticed a deep elf pyromancer
  9246 | D:9      | Killed a deep elf pyromancer
  9766 | D:10     | Entered Level 10 of the Dungeon
  9840 | D:10     | Reached skill level 9 in Ice Magic
  9960 | D:10     | Found a staircase to the Orcish Mines.
 10071 | D:10     | Found a staircase to the Lair.
 10132 | D:10     | Noticed Erolcha
 10316 | D:10     | Killed Erolcha
 10360 | D:10     | Found a burning altar of Makhleb.
 10543 | D:10     | Became a worshipper of Makhleb the Destroyer
 10587 | Lair:1   | Entered Level 1 of the Lair of Beasts
 10923 | Lair:1   | Reached XP level 12. HP: 48/86 MP: 0/0
 11177 | Lair:1   | Reached skill level 5 in Shields
 11239 | Lair:1   | Reached * piety under Makhleb
 11249 | Lair:1   | Reached skill level 10 in Spellcasting
 11249 | Lair:1   | Reached skill level 10 in Conjurations
 11249 | Lair:1   | Reached skill level 10 in Hexes
 11249 | Lair:1   | Reached skill level 10 in Summonings
 11249 | Lair:1   | Reached skill level 10 in Necromancy
 11249 | Lair:1   | Reached skill level 10 in Translocations
 11249 | Lair:1   | Reached skill level 10 in Fire Magic
 11249 | Lair:1   | Reached skill level 10 in Ice Magic
 11249 | Lair:1   | Reached skill level 10 in Air Magic
 11249 | Lair:1   | Reached skill level 10 in Earth Magic
 11249 | Lair:1   | Reached skill level 10 in Alchemy
 11704 | Lair:1   | Identified the +0 robe of Winter {MP+9 Int+4 Dex+4}
 12320 | Lair:2   | Found the ring of the Octopus King
 12340 | Lair:2   | Identified a ring of the Octopus King {rN+ HP+2 AC+2 EV+2
                  | SH+2}
 12576 | Lair:2   | Found a staircase to the Shoals.
 12580 | Lair:2   | Noticed an eight-headed hydra
 12586 | Lair:2   | Killed an eight-headed hydra
 12586 | Lair:2   | Reached ** piety under Makhleb
 12587 | Lair:2   | Reached XP level 13. HP: 92/92 MP: 0/0
 12587 | Lair:2   | Learned a level 5 spell: Iskenderun's Battlesphere
 12618 | Lair:2   | Reached skill level 11 in Ice Magic
 12777 | Lair:2   | Reached skill level 10 in Shields
 13370 | Lair:3   | Found a frozen archway.
 13384 | IceCv    | Entered an ice cave
 13391 | IceCv    | Reached *** piety under Makhleb
 13397 | IceCv    | Found a transporter.
 13411 | IceCv    | Found a transporter.
 13630 | Lair:3   | Found a hole to the Spider Nest.
 13730 | Lair:3   | Reached skill level 12 in Ice Magic
 14262 | Lair:4   | Reached XP level 14. HP: 94/98 MP: 0/0
 14306 | Lair:4   | Reached skill level 13 in Ice Magic
 14430 | Lair:4   | Reached **** piety under Makhleb
 14431 | Lair:4   | Reached skill level 10 in Dodging
 14436 | Lair:4   | Noticed Sonja
 14446 | Lair:4   | Killed Sonja
 15322 | Lair:5   | Entered Level 5 of the Lair of Beasts
 15365 | Lair:5   | Found a viscous altar of Jiyva.
 15763 | Lair:5   | Found a large runed translucent door.
 15843 | Lair:5   | Reached ***** piety under Makhleb
 15855 | Lair:5   | Reached skill level 14 in Ice Magic
 15907 | Lair:5   | Found a large runed translucent door.
 16022 | Lair:5   | Reached XP level 15. HP: 98/105 MP: 0/0
 16022 | Lair:5   | Learned a level 6 spell: Permafrost Eruption
 16426 | Lair:5   | Identified the amulet of Wonder {Spirit rElec rF+ Dex-2}
 16519 | Lair:5   | Found a staircase to the Slime Pits.
 16746 | Orc:1    | Entered Level 1 of the Orcish Mines
 16945 | Orc:1    | Found a shimmering altar of Xom.
 16976 | Orc:1    | Noticed Urug
 16985 | Orc:1    | Killed Urug
 17338 | Orc:2    | Entered Level 2 of the Orcish Mines
 17562 | Orc:2    | Found Ytrop Koiryn's General Store.
 17698 | Orc:2    | Noticed an orc warlord
 17709 | Orc:2    | Killed an orc warlord
 17710 | Orc:2    | Reached skill level 10 in Fighting
 17710 | Orc:2    | Reached skill level 10 in Armour
 17860 | Orc:2    | Found Xaustreso's Book Emporium.
 17869 | Orc:2    | Reached skill level 15 in Ice Magic
 17884 | Orc:2    | Found Zemiad's Antique Armour Shoppe.
 17961 | Orc:2    | Found a staircase to the Elven Halls.
 17963 | Orc:2    | Found Wykhlode's Antique Weapon Boutique.
 18055 | Orc:2    | Bought a pair of glowing gloves for 262 gold pieces
 18055 | Orc:2    | Bought a masterwork troll leather armour for 700 gold
                  | pieces
 18055 | Orc:2    | Identified the +4 troll leather armour of the Crypt {rPois
                  | Will+ Regen+ SInv} (You bought it in a shop on level 2 of
                  | the Orcish Mines)
 18348 | D:11     | Found a basalt altar of Yredelemnul.
 18872 | D:12     | Reached ****** piety under Makhleb
 18957 | D:12     | Reached skill level 16 in Ice Magic
 19491 | D:13     | Found a gate leading to a gauntlet.
 19500 | Gauntlet | Entered a Gauntlet
 19500 | Gauntlet | Found a transporter.
 19511 | Gauntlet | Found a transporter.
 19513 | Gauntlet | Found a transporter.
 19515 | Gauntlet | Found a transporter.
 19531 | Gauntlet | Found a transporter.
 19549 | Gauntlet | Found a transporter.
 19567 | Gauntlet | Found a transporter.
 19587 | Gauntlet | Found a transporter.
 19605 | Gauntlet | Found a transporter.
 19617 | Gauntlet | Found a transporter.
 19629 | Gauntlet | Found a transporter.
 19641 | Gauntlet | Found a transporter.
 19653 | Gauntlet | Found a transporter.
 19671 | Gauntlet | Found a transporter.
 19691 | Gauntlet | Found a transporter.
 19693 | Gauntlet | Found a transporter.
 19727 | Gauntlet | Found a transporter.
 19729 | Gauntlet | Found a transporter.
 19822 | Gauntlet | Identified the +4 falchion of the Howling One {holy, rPois}
 19861 | Gauntlet | Reached XP level 16. HP: 113/113 MP: 0/0
 19866 | Gauntlet | Identified the +0 pair of gloves of Resorouc {Rampage Str-5
                  | Int+3 Stlth+}
 20929 | D:14     | Found a glowing golden altar of the Shining One.
 21000 | D:14     | Noticed Jorgrun
 21004 | D:14     | Killed Jorgrun
 21087 | D:14     | Found a gate to the Vaults.
 21320 | Elf:1    | Entered Level 1 of the Elven Halls
 21586 | Elf:1    | Reached skill level 17 in Ice Magic
 21945 | Elf:1    | Reached XP level 17. HP: 107/121 MP: 0/0
 21945 | Elf:1    | Learned a level 6 spell: Dispersal
 22096 | Elf:2    | Reached skill level 5 in Stealth
 22102 | Elf:2    | Reached skill level 15 in Spellcasting
 22102 | Elf:2    | Reached skill level 15 in Conjurations
 22102 | Elf:2    | Reached skill level 15 in Hexes
 22102 | Elf:2    | Reached skill level 15 in Summonings
 22102 | Elf:2    | Reached skill level 15 in Necromancy
 22102 | Elf:2    | Reached skill level 15 in Translocations
 22102 | Elf:2    | Reached skill level 15 in Fire Magic
 22102 | Elf:2    | Reached skill level 15 in Air Magic
 22102 | Elf:2    | Reached skill level 15 in Earth Magic
 22102 | Elf:2    | Reached skill level 15 in Alchemy
 22147 | Elf:2    | Found Qehuvox's Weapon Shoppe.
 22236 | Elf:2    | Identified the +0 pair of boots "Pykkexigerr" {Stlth+}
 22281 | Elf:2    | Found Viazops's Assorted Antiques.
 22285 | Elf:2    | Reached skill level 18 in Ice Magic
 22313 | Elf:2    | Found Neten's Antique Armour Emporium.
 22398 | Elf:2    | Found a runed translucent gate.
 22405 | Elf:2    | Found a runed translucent gate.
 22406 | Elf:2    | Found a runed translucent gate.
 22554 | Elf:2    | Noticed Zenata
 22562 | Elf:2    | Killed from afar by Zenata

Illustrated notes

Levels and vault maps discovered:
D:1:      psy_arrival_dodecagon, layout_loops_ring
D:2:      layout_basic
D:3:      layout_basic, ebering_ecumenical_altar_rust,
          biasface_ghost_orc_armoury, dreamdust_wishing_well
D:4:      layout_loops_ring, nicolae_overflow_crystal_walls,
          minmay_temple_entry_statues_fountains
D:5:      layout_basic, serial_glass, glass_columns_c, glass_columns_c,
          uniq_sigmund, uniq_pikel
D:6:      layout_basic, nicolae_uskayaw_suspiria, minitemple, serial_shops,
          shop, corexii_corridor_pit
D:7:      layout_loops_corners, vehumet_crystals, ebering_ghost_inner_flame,
          uniq_duvessa, uniq_crazy_yiuf_cottage, uniq_maurice
D:8:      layout_cave_pools, serial_gnoll_camp, gnoll_camp_huts_moat,
          gnoll_camp_mini_shop, gnoll_camp_mini_shop, gnoll_camp_medium_01,
          gnoll_camp_mini_hut, gnoll_camp_mini_loothouse, uniq_psyche
D:9:      layout_basic, bloody_trog, mainiacjoe_overflow_paths,
          grunt_decor_one_mirror, uniq_jeremiah
D:10:     layout_roguey, lightli_temple_of_fire, erik_lair_orcish_takeover,
          david_orc_1_choice, uniq_erolcha
D:11:     layout_roguey, roadster_capsule_ark_zombie
D:12:     layout_basic
D:13:     layout_loops_corners, gauntlet_entry_generic
D:14:     layout_cave_pools, erik_vaults_1, nicolae_tso_carved_into_rock,
          uniq_jorgrun
Temple:   hellmonk_temple_forest_ring
Lair:1:   layout_layer_cave, nicolae_quartered_pool_little,
          infiniplex_staircase_pool
Lair:2:   layout_regular_city, shoals_dummy_entry
Lair:3:   layout_roguey, nicolae_spider_entry_orb_guardian,
          portal_ice_cave_entry_pillars_2
Lair:4:   layout_layer_cave, lemuel_fruit_tree, grunt_megastairs_4,
          serial_bayou_shore_a, uniq_sonja
Lair:5:   cheibrodos_lair_end_hotspot, layout_regular_city,
          minmay_slime_entry_oklob_enclosed, minivault_26
Orc:1:    cheibrodos_orc_guarddog, layout_caves, basic_altar, uniq_urug
Orc:2:    grunt_orc_gardens, layout_caves, grunt_orc_garden, grunt_orc_garden,
          grunt_orc_garden, grunt_orc_garden
Elf:1:    minmay_elf_arrival_plus, layout_geoelf_grid, minmay_elf_annihilation
Elf:2:    elven_hall_of_blades_hangedman_original
          [nicolae_blade_entry_crossed_weapons], layout_rooms, serial_shops,
          nicolae_shop_trees, shop, nicolae_square_shop, uniq_zenata

Skill      XL: |  1  2  3  4  5  6  7  8  9 10 11 12 13 14 15 16 17 |
---------------+----------------------------------------------------+-----
Spellcasting   | 4 5 6 7 8 9 10 11 12 14 15 | 15.5
Conjurations   | 4 5 6 7 8 9 10 11 12 14 15 | 15.5
Hexes          | 4 5 6 7 8 9 10 11 12 14 15 | 15.5
Summonings     | 4 5 6 7 8 9 10 11 12 14 15 | 15.5
Necromancy     | 4 5 6 7 8 9 10 11 12 14 15 | 15.5
Translocations | 4 5 6 7 8 9 10 11 12 14 15 | 15.5
Fire Magic     | 4 5 6 7 8 9 10 11 12 14 15 | 15.5
Ice Magic      | 4 5 6 7 8 9 10 12 14 16 17 18 | 18.4
Air Magic      | 4 5 6 7 8 9 10 11 12 14 15 | 15.5
Earth Magic    | 4 5 6 7 8 9 10 11 12 14 15 | 15.5
Alchemy        | 4 5 6 7 8 9 10 11 12 14 15 | 15.5
Fighting       | 1 3 5 6 8 9 10 11 12 | 12.0
Armour         | 1 3 5 6 8 9 10 | 10.6
Dodging        | 4 6 7 9 10 11 12 | 12.3
Shields        | 3 8 11 12 | 12.4
Stealth        | 2 4 6 |  6.4

Action                     |  1- 3 |  4- 6 |  7- 9 | 10-12 | 13-15 | 16-18 || total
---------------------------+-------+-------+-------+-------+-------+-------++-------
  Melee: Falchion          |       |       |     3 |     1 |       |       ||     4
         Unarmed           |       |       |       |     4 |       |       ||     4
         Staff             |       |       |       |       |     6 |       ||     6
   Cast: Magic Dart        |    36 |   143 |   148 |   362 |   236 |    16 ||   941
         Searing Ray       |     2 |     6 |       |       |       |       ||     8
         Iskenderun's Myst |       |     3 |    34 |   183 |   273 |    18 ||   511
         Fulminant Prism   |       |       |     6 |    17 |    50 |     1 ||    74
         Permafrost Erupti |       |       |       |       |    98 |   146 ||   244
    Use: Scroll            |       |       |       |    22 |     4 |     1 ||    27
         Potion            |       |       |       |       |     2 |       ||     2
 Armour: Robe              |     3 |    21 |    23 |     6 |       |       ||    53
         Ring mail         |       |       |       |    83 |    84 |       ||   167
         Skin              |       |       |       |     5 |       |       ||     5
         Troll leather arm |       |       |       |       |     8 |    32 ||    40
  Dodge: Dodged            |     7 |    14 |    10 |    58 |    44 |    25 ||   158
  Block: Other             |       |     9 |     5 |     1 |       |       ||    15
         Reflection        |       |       |     2 |       |       |       ||     2
         Kite shield       |       |       |       |    16 |    98 |    35 ||   149

Table legend: (Time is in decaauts)
 A = Elapsed time spent in this place.
 B = Non-inter-level travel time spent in this place.
 C = Inter-level travel time spent in this place.
 D = Time resting spent in this place.
 E = Time spent auto-exploring this place.
 F = Levels seen in this place.
 G = Mean time per level.
                   A        B        C        D        E       F      G
               +--------+--------+--------+--------+--------+-----+--------+
         Total |  22554 |  21297 |   1257 |      0 |  16711 |  26 |  867.5 |
       Dungeon |  13439 |  12591 |    848 |      0 |  10351 |  14 |  959.9 |
        Temple |      3 |      3 |      0 |      0 |      0 |   1 |    3.0 |
          Lair |   5872 |   5580 |    292 |      0 |   4398 |   5 | 1174.4 |
  Orcish Mines |   1410 |   1341 |     69 |      0 |    908 |   2 |  705.0 |
   Elven Halls |   1241 |   1195 |     46 |      0 |    968 |   2 |  620.5 |
      Ice Cave |    105 |    105 |      0 |      0 |      1 |   1 |  105.0 |
      Gauntlet |    482 |    482 |      0 |      0 |     85 |   1 |  482.0 |
               +--------+--------+--------+--------+--------+-----+--------+

Top non-repeatable levels by time:
     D:7: 1618 daAuts
  Lair:1: 1532 daAuts
     D:5: 1501 daAuts
     D:6: 1334 daAuts
  Lair:5: 1302 daAuts
     D:8: 1222 daAuts
     D:4: 1133 daAuts
  Lair:4: 1094 daAuts
  Lair:2: 1055 daAuts
    D:13: 1039 daAuts
    D:10: 949 daAuts
     D:2: 902 daAuts
  Lair:3: 886 daAuts
     D:3: 807 daAuts
     D:9: 753 daAuts
